Map: Lightshade LE

Players

Reynor - Winner!

  • Race: Zerg Zerg

Strange

  • Race: Protoss Protoss

Event: DreamHack SC2 Masters 2021 Winter

VOD

Have the link to the VOD?

Description

Time

  • Played on: Oct. 9, 2021, 10:18 a.m.
  • Length: 7:54

All games in this series

Show
View Real Time Build Order
Export as new Build Order

Reynor Zerg - Winner!

Build Orders: Hatch First 

Get SALT Encoding   

  12  0:00  Drone  
  13  0:12  Overlord  
  13  0:16  Drone  
  14  0:30  Drone x2  
  16  0:48  Hatchery  
  15  0:50  Drone  
  15  0:54  Drone  
  17  0:57  Drone  
  18  1:08  Extractor  
  17  1:13  Spawning Pool  
  17  1:15  Drone  
  17  1:19  Drone  
  18  1:28  Drone  
  19  1:38  Drone  
  20  1:49  Overlord  
  20  2:00  Drone x2, Queen x2  
  26  2:10  Zergling x2  
  26  2:11  Drone  
  28  2:22  Metabolic Boost, Drone, Zergling x2  
  30  2:33  Hatchery  
  30  2:35  Drone  
  30  2:38  Drone  
  31  2:45  Queen  
  31  2:49  Overlord  
  33  2:52  Drone  
  33  2:55  Drone  
  33  2:56  Drone  
  36  3:08  Overlord  
  36  3:10  Drone x4  
  40  3:14  Overlord  
  40  3:18  Drone  
  41  3:22  Queen  
  41  3:25  Drone  
  44  3:28  Overlord  
  44  3:36  Drone  
  44  3:38  Queen  
  44  3:39  Drone  
  44  3:40  Drone  
  49  3:45  Zergling x4  
  49  3:47  Drone  
  49  3:48  Drone  
  53  3:54  Drone x4  
  54  3:57  Drone  
  54  4:00  Overlord  
  54  4:02  Drone  
  56  4:10  Drone, Spore Crawler  
  56  4:11  Drone x3  
  56  4:14  Spore Crawler  
  59  4:18  Drone x3  
  59  4:24  Queen  
  62  4:30  Roach Warren  
  63  4:32  Pneumatized Carapace  
  63  4:35  Drone x3  
  63  4:37  Drone  
  67  4:40  Extractor  
  67  4:42  Extractor  
  67  4:43  Lair  
  67  4:44  Drone  
  67  4:45  Drone  
  67  4:47  Drone x2  
  67  4:52  Overlord x2  
  69  4:54  Drone x2  
  69  4:56  Drone  
  72  5:00  Drone  
  72  5:01  Evolution Chamber  
  72  5:02  Drone  
  72  5:03  Drone  
  74  5:10  Overlord  
  74  5:11  Drone x2  
  74  5:12  Drone  
  77  5:14  Extractor  
  77  5:18  Roach x4  
  77  5:19  Roach  
  86  5:21  Drone x2  
  86  5:25  Overlord  
  88  5:29  Spore Crawler  
  88  5:31  Drone x2  
  88  5:32  Drone  
  88  5:34  Zerg Missile Weapons Level 1, Extractor  
  88  5:35  Drone, Extractor  
  89  5:36  Overlord  
  89  5:37  Drone  
  90  5:45  Drone x3  
  90  5:47  Glial Reconstitution  
  90  5:49  Overseer  
  93  5:52  Roach x2  
  97  5:57  Roach x2  
  97  5:58  Roach  
  97  5:59  Hatchery  
  97  6:03  Roach x2  
  106  6:06  Overlord  
  106  6:12  Overlord  
  106  6:16  Overlord  
  106  6:19  Overlord  
  106  6:24  Roach x4  
  106  6:25  Overlord x2  
  114  6:28  Overlord  
  114  6:31  Roach x4  
  122  6:32  Overseer  
  122  6:34  Spore Crawler  
  122  6:36  Roach x2  
  122  6:39  Drone  
  126  6:42  Roach x2  
  126  6:43  Roach  
  126  6:46  Drone  
  126  6:47  Infestation Pit, Roach  
  135  6:49  Roach  
  135  6:50  Roach  
  138  6:54  Roach x2  
  138  6:57  Overlord  
  138  7:00  Roach x2  
  146  7:05  Roach x2  
  150  7:09  Ravager x3  
  150  7:10  Ravager x2  
  150  7:11  Zergling x4, Roach  
  150  7:12  Zergling x4  
  162  7:16  Overlord  
  162  7:17  Ravager x2  
  162  7:18  Zergling x6, Roach  
  162  7:19  Zergling x2  
  170  7:23  Overseer, Overlord  
  170  7:24  Ravager, Overlord  
  170  7:29  Zergling x2, Roach x2  
Show
View Real Time Build Order
Export as new Build Order

Strange Protoss 

Build Orders: 1 Gate Expand, Oracle Opening, Zealot Archon 

Get SALT Encoding   

  12  0:00  Probe  
  13  0:12  Probe  
  14  0:20  Pylon  
  14  0:24  Probe  
  15  0:38  Gateway, Probe (Chrono Boost)  
  16  0:47  Assimilator, Probe (Chrono Boost)  
  17  0:52  Probe  
  18  1:04  Probe  
  19  1:16  Probe  
  20  1:23  Nexus  
  20  1:33  Cybernetics Core  
  20  1:37  Probe  
  21  1:41  Assimilator  
  21  1:49  Probe  
  21  1:52  Pylon  
  22  2:01  Probe  
  23  2:07  Adept (Chrono Boost)  
  23  2:13  Probe  
  26  2:17  Stargate  
  26  2:23  Warp Gate  
  26  2:25  Probe  
  27  2:31  Adept  
  29  2:37  Probe (Chrono Boost)  
  29  2:42  Probe (Chrono Boost)  
  31  2:47  Probe (Chrono Boost)  
  33  2:51  Probe (Chrono Boost)  
  33  2:52  Probe (Chrono Boost)  
  33  2:58  Oracle (Chrono Boost)  
  34  3:01  Probe  
  34  3:04  Probe  
  39  3:07  Pylon  
  39  3:10  Gateway  
  39  3:13  Probe  
  39  3:16  Probe  
  39  3:19  Void Ray (Chrono Boost)  
  41  3:25  Probe  
  46  3:28  Probe  
  47  3:38  Probe  
  47  3:40  Probe  
  49  3:42  Pylon  
  49  3:50  Probe  
  49  3:55  Nexus  
  50  3:56  Probe  
  50  4:01  Assimilator x2  
  50  4:02  Probe  
  52  4:08  Twilight Council  
  52  4:09  Probe  
  53  4:14  Probe  
  54  4:20  Forge  
  54  4:21  Probe  
  52  4:28  Probe  
  52  4:29  Robotics Facility  
  52  4:31  Shield Battery  
  53  4:33  Probe  
  53  4:36  Charge  
  54  4:43  Gateway  
  54  4:44  Gateway  
  54  4:46  Dark Shrine  
  54  4:48  Protoss Ground Weapons Level 1 (Chrono Boost)  
  54  4:52  Probe x2  
  56  4:58  Zealot x2  
  60  5:01  Pylon  
  60  5:04  Probe x2  
  62  5:08  Probe  
  63  5:16  Probe x2  
  63  5:17  Immortal (Chrono Boost)  
  63  5:20  Probe  
  70  5:28  Probe x2  
  70  5:32  Probe  
  70  5:35  Pylon  
  73  5:38  Zealot x2, Sentry  
  73  5:40  Probe  
  73  5:41  Probe  
  81  5:42  Pylon  
  81  5:44  Probe  
  81  5:47  Assimilator  
  81  5:49  Assimilator  
  82  5:50  Templar Archives  
  82  5:51  Sentry  
  82  5:53  Probe  
  82  5:55  Probe  
  82  5:56  Probe  
  87  6:05  Gateway x2, Probe  
  87  6:07  Probe  
  87  6:10  Gateway  
  89  6:12  Gateway, Probe  
  89  6:15  Observer (Chrono Boost)  
  89  6:17  Probe  
  92  6:18  Stalker  
  92  6:19  Probe  
  92  6:22  Templar Archives  
  95  6:29  Dark Templar x2  
  99  6:37  Archon  
  99  6:39  Pylon  
  99  6:42  Pylon  
  99  6:58  Immortal (Chrono Boost)  
  103  7:04  Pylon  
  103  7:08  High Templar  
  103  7:09  Zealot  
  103  7:10  Zealot x5  
  103  7:12  Nexus  
  103  7:13  Pylon  
  103  7:15  Robotics Facility  
  117  7:23  High Templar  
  117  7:29  Archon  
  119  7:33  Zealot x5  
  115  7:42  Zealot x2  

Tags
 
Add a new tag
Caveats
  • Supply blocks, unpowered buildings, or Contaminate may cause inaccurate times.
  • Supply counts are checked every 10 seconds.